General information
- name: BNet
- type: Ladder team game (AT/RT)
- host: Battle.net
- saver: MrAItQQ
map: MarketSquare
- players: 8
- length: 36:02
- speed: Fast
- version: 1.26 W3XP
- replay type: Public
» download(224 KB)
Players
team 1 (loser)

»
BoA.01 (
red | 169 APM | 2227 actions | 13:11)
2 Death Knight
1 Death Coil
1 Unholy Aura
1 Lich
1 Frost Nova
» actions
| Assign group hotkey | 42 | |
| Basic commands | 60 | |
| Build / train | 54 | |
| ESC pressed | 6 | |
| Enter build submenu | 16 | |
| Enter hero's abilities submenu | 3 | |
| Give item / drop item | 1 | |
| Remove unit from queue | 4 | |
| Right click | 694 | |
| Select / deselect | 564 | |
| Select group hotkey | 741 | |
| Use ability | 42 | |
2227 total
» units
| Acolyte | 12 | |
| Ghoul | 7 | |
| Crypt Fiend | 9 | |
28 total
» upgrades
| Creature Attack | 1 | |
| Creature Carapace | 1 | |
2 total
» buildings
| Crypt | 1 | |
| Ziggurat | 3 | |
| Altar of Darkness | 1 | |
| Graveyard | 1 | |
| Nerubian Tower | 2 | |
| Tomb of Relics | 2 | |
| Halls of the Dead | 1 | |
| Necropolis | 1 | |
| Spirit Tower | 2 | |
| Slaughterhouse | 1 | |
| Black Citadel | 2 | |
17 total
» build order
00:25 Crypt
00:30 Ziggurat
00:49 Altar of Darkness
01:06 Graveyard
01:36 Ziggurat
01:57 Nerubian Tower
02:22 Tomb of Relics
03:09 Tomb of Relics
04:36 Halls of the Dead
05:47 Necropolis
06:09 Ziggurat
06:30 Spirit Tower
10:18 Slaughterhouse
12:15 Black Citadel
» items
| Dust of Appearance | 2 | |
| Rod of Necromancy | 2 | |
4 total
ThugMaSteR (
purple | 66 APM | 945 actions | 14:15)
2 Death Knight
1 Death Coil
1 Unholy Aura
» actions
| Assign group hotkey | 26 | |
| Build / train | 43 | |
| Enter build submenu | 20 | |
| Enter hero's abilities submenu | 2 | |
| Right click | 564 | |
| Select / deselect | 214 | |
| Select group hotkey | 42 | |
| Use ability | 34 | |
945 total
» units
| Acolyte | 13 | |
| Ghoul | 8 | |
| Crypt Fiend | 8 | |
29 total
» upgrades
» buildings
| Altar of Darkness | 1 | |
| Ziggurat | 10 | |
| Crypt | 2 | |
| Graveyard | 1 | |
| Nerubian Tower | 1 | |
| Spirit Tower | 6 | |
| Tomb of Relics | 1 | |
| Halls of the Dead | 1 | |
23 total
» build order
00:08 Altar of Darkness
00:13 Ziggurat
01:09 Crypt
01:15 Crypt
01:32 Ziggurat
01:39 Graveyard
02:04 Nerubian Tower
03:06 Spirit Tower
03:09 Ziggurat
03:23 Tomb of Relics
05:08 Ziggurat
05:34 Spirit Tower
06:00 Ziggurat
06:38 Ziggurat
06:57 Ziggurat
06:59 Spirit Tower
07:01 Ziggurat
07:04 Ziggurat
07:51 Spirit Tower
08:13 Spirit Tower
08:37 Spirit Tower
09:47 Ziggurat
10:54 Halls of the Dead
» items
| Sacrificial Skull | 1 | |
| Rod of Necromancy | 1 | |
2 total

»
seliM (
green | 33 APM | 389 actions | 11:40)
2 Death Knight
1 Death Coil
1 Unholy Aura
» actions
| Build / train | 32 | |
| Enter build submenu | 19 | |
| Enter hero's abilities submenu | 2 | |
| Right click | 192 | |
| Select / deselect | 121 | |
| Use ability | 23 | |
389 total
» units
| Acolyte | 8 | |
| Ghoul | 4 | |
| Crypt Fiend | 6 | |
18 total
» upgrades
| Creature Attack | 1 | |
| Creature Carapace | 1 | |
| Unholy Armor | 1 | |
| Unholy Strength | 1 | |
| Web | 1 | |
5 total
» buildings
| Ziggurat | 9 | |
| Crypt | 1 | |
| Altar of Darkness | 1 | |
| Nerubian Tower | 1 | |
| Graveyard | 1 | |
| Spirit Tower | 3 | |
| Halls of the Dead | 1 | |
| Tomb of Relics | 1 | |
| Slaughterhouse | 2 | |
| Temple of the Damned | 1 | |
21 total
» build order
00:14 Ziggurat
00:21 Crypt
00:50 Altar of Darkness
01:06 Ziggurat
01:20 Nerubian Tower
01:45 Graveyard
03:12 Spirit Tower
04:04 Ziggurat
08:05 Halls of the Dead
09:04 Tomb of Relics
09:05 Spirit Tower
09:16 Ziggurat
09:22 Ziggurat
10:30 Slaughterhouse
10:33 Spirit Tower
10:37 Slaughterhouse
10:41 Temple of the Damned
10:59 Ziggurat
11:02 Ziggurat
11:05 Ziggurat
11:13 Ziggurat
rod-is-my-bro (
yellow | 83 APM | 2982 actions | 36:01)
7 Goblin Alchemist
3 Chemical Rage
3 Healing Spray
1 Transmute
1 Crypt Lord
1 Impale
» actions
| Assign group hotkey | 49 | |
| Basic commands | 21 | |
| Build / train | 109 | |
| Enter build submenu | 35 | |
| Enter hero's abilities submenu | 11 | |
| Give item / drop item | 1 | |
| Remove unit from queue | 3 | |
| Right click | 1270 | |
| Select / deselect | 315 | |
| Select group hotkey | 1006 | |
| Use ability | 162 | |
2982 total
» units
| Peon | 16 | |
| Grunt | 4 | |
| Wind Rider | 2 | |
| Crypt Fiend | 10 | |
| Raider | 6 | |
| Obsidian Statue | 7 | |
| Necromancer | 2 | |
| Acolyte | 6 | |
53 total
» upgrades
| Ranged Weapons | 1 | |
| Envenomed Spears | 1 | |
| Reinforced Defenses | 1 | |
| Creature Attack | 3 | |
| Creature Carapace | 4 | |
| Burrow | 1 | |
| Destroyer Form | 1 | |
12 total
» buildings
| Altar of Storms | 1 | |
| Orc Burrow | 4 | |
| Barracks | 1 | |
| Voodoo Lounge | 1 | |
| Stronghold | 2 | |
| War Mill | 1 | |
| Watch Tower | 15 | |
| Beastiary | 3 | |
| Great Hall | 1 | |
| Fortress | 3 | |
| Ziggurat | 40 | |
| Spirit Tower | 11 | |
| Black Citadel | 4 | |
| Graveyard | 1 | |
| Crypt | 1 | |
| Nerubian Tower | 3 | |
| Necropolis | 2 | |
| Halls of the Dead | 1 | |
| Sacrificial Pit | 1 | |
| Boneyard | 3 | |
99 total
» build order
00:09 Altar of Storms
00:19 Orc Burrow
00:37 Barracks
01:34 Orc Burrow
01:55 Voodoo Lounge
03:12 Stronghold
03:12 Stronghold
03:47 War Mill
04:27 Orc Burrow
05:05 Watch Tower
05:05 Watch Tower
05:25 Orc Burrow
05:54 Beastiary
06:50 Great Hall
07:39 Beastiary
08:00 Beastiary
09:13 Fortress
09:14 Fortress
09:59 Watch Tower
09:59 Watch Tower
10:00 Watch Tower
10:02 Watch Tower
10:03 Watch Tower
10:23 Watch Tower
10:23 Watch Tower
13:40 Ziggurat
13:40 Ziggurat
13:40 Ziggurat
13:41 Ziggurat
13:42 Ziggurat
14:00 Watch Tower
14:00 Watch Tower
14:00 Watch Tower
14:01 Watch Tower
14:26 Ziggurat
14:27 Ziggurat
14:27 Ziggurat
14:27 Ziggurat
14:44 Spirit Tower
15:02 Spirit Tower
15:06 Ziggurat
15:06 Ziggurat
15:07 Ziggurat
15:07 Ziggurat
15:28 Ziggurat
15:28 Ziggurat
15:28 Ziggurat
15:34 Ziggurat
17:08 Spirit Tower
17:08 Spirit Tower
17:43 Black Citadel
17:43 Black Citadel
17:43 Black Citadel
17:46 Spirit Tower
18:02 Graveyard
18:04 Crypt
18:08 Ziggurat
18:09 Ziggurat
18:09 Ziggurat
18:44 Ziggurat
18:44 Ziggurat
18:44 Ziggurat
20:23 Ziggurat
20:24 Ziggurat
20:25 Ziggurat
20:25 Ziggurat
20:28 Spirit Tower
20:34 Spirit Tower
21:42 Ziggurat
21:43 Ziggurat
21:43 Ziggurat
21:44 Ziggurat
21:44 Ziggurat
21:54 Ziggurat
21:55 Ziggurat
22:40 Nerubian Tower
22:40 Nerubian Tower
22:54 Ziggurat
22:54 Ziggurat
22:56 Spirit Tower
22:56 Spirit Tower
26:50 Necropolis
29:10 Halls of the Dead
31:21 Necropolis
32:34 Black Citadel
32:36 Sacrificial Pit
35:00 Boneyard
35:01 Boneyard
35:02 Boneyard
» items
| Healing Salve | 1 | |
| Orb of Lightning | 1 | |
| Scroll of Town Portal | 1 | |
3 total
team 2 (winner)
homelesspeon (
orange | 58 APM | 2105 actions | 36:01)
8 Death Knight
3 Death Coil
3 Unholy Aura
1 Animate Dead
1 Death Pact
» actions
| Assign group hotkey | 27 | |
| Basic commands | 4 | |
| Build / train | 61 | |
| ESC pressed | 3 | |
| Enter build submenu | 46 | |
| Enter hero's abilities submenu | 9 | |
| Give item / drop item | 1 | |
| Remove unit from queue | 1 | |
| Right click | 868 | |
| Select / deselect | 236 | |
| Select group hotkey | 773 | |
| Use ability | 76 | |
2105 total
» units
| Acolyte | 6 | |
| Ghoul | 5 | |
| Crypt Fiend | 8 | |
| Frost Wyrm | 8 | |
27 total
» upgrades
| Creature Carapace | 2 | |
| Creature Attack | 2 | |
| Web | 1 | |
| Freezing Breath | 1 | |
6 total
» buildings
| Crypt | 1 | |
| Graveyard | 1 | |
| Ziggurat | 31 | |
| Altar of Darkness | 1 | |
| Nerubian Tower | 1 | |
| Tomb of Relics | 1 | |
| Spirit Tower | 3 | |
| Halls of the Dead | 1 | |
| Black Citadel | 4 | |
| Sacrificial Pit | 1 | |
| Boneyard | 3 | |
| Necropolis | 1 | |
| Watch Tower | 1 | |
50 total
» build order
00:06 Crypt
00:14 Graveyard
00:45 Ziggurat
01:12 Altar of Darkness
01:38 Ziggurat
02:13 Nerubian Tower
02:58 Tomb of Relics
03:36 Ziggurat
05:43 Ziggurat
06:58 Spirit Tower
07:04 Spirit Tower
07:46 Halls of the Dead
09:59 Ziggurat
10:00 Ziggurat
10:07 Black Citadel
10:07 Black Citadel
10:07 Black Citadel
10:32 Ziggurat
11:53 Sacrificial Pit
12:46 Boneyard
12:47 Boneyard
13:47 Boneyard
14:56 Ziggurat
15:47 Ziggurat
16:28 Ziggurat
23:07 Necropolis
25:51 Spirit Tower
32:01 Watch Tower
33:09 Ziggurat
33:11 Ziggurat
33:13 Ziggurat
33:16 Ziggurat
33:17 Ziggurat
33:19 Ziggurat
33:26 Ziggurat
33:28 Ziggurat
33:32 Ziggurat
33:39 Ziggurat
33:44 Ziggurat
33:46 Ziggurat
33:48 Ziggurat
33:51 Ziggurat
33:53 Ziggurat
33:56 Ziggurat
34:30 Ziggurat
34:31 Ziggurat
34:32 Ziggurat
34:36 Ziggurat
34:38 Ziggurat
» items
| Rod of Necromancy | 1 | |
| Scroll of Town Portal | 1 | |
| Potion of Healing | 1 | |
| Potion of Mana | 1 | |
| Circlet of Nobility | 1 | |
| Periapt of Vitality | 1 | |
| Tiny Great Hall | 1 | |
7 total

»
DeadbeaT (
pink | 57 APM | 1744 actions | 30:33)
4 Death Knight
2 Death Coil
2 Unholy Aura
» actions
| Assign group hotkey | 16 | |
| Basic commands | 182 | |
| Build / train | 55 | |
| Enter build submenu | 29 | |
| Enter hero's abilities submenu | 4 | |
| Right click | 479 | |
| Select / deselect | 787 | |
| Select group hotkey | 119 | |
| Use ability | 73 | |
1744 total
» units
| Acolyte | 8 | |
| Ghoul | 5 | |
| Necromancer | 8 | |
| Meatwagon | 6 | |
| Obsidian Statue | 1 | |
| Gargoyle | 5 | |
33 total
» upgrades
| Unholy Strength | 2 | |
| Unholy Armor | 1 | |
| Necromancer Training | 2 | |
| Skeletal Longevity | 1 | |
| Exhume Corpses | 1 | |
| Skeletal Mastery | 1 | |
| Creature Attack | 1 | |
9 total
» buildings
| Crypt | 4 | |
| Altar of Darkness | 1 | |
| Ziggurat | 12 | |
| Tomb of Relics | 1 | |
| Nerubian Tower | 1 | |
| Halls of the Dead | 2 | |
| Graveyard | 2 | |
| Black Citadel | 1 | |
| Temple of the Damned | 2 | |
| Slaughterhouse | 2 | |
| Necropolis | 2 | |
| Spirit Tower | 3 | |
33 total
» build order
00:22 Crypt
00:31 Altar of Darkness
01:02 Ziggurat
01:07 Crypt
01:39 Tomb of Relics
01:48 Ziggurat
02:36 Nerubian Tower
03:51 Halls of the Dead
03:54 Graveyard
04:32 Ziggurat
06:28 Black Citadel
06:31 Temple of the Damned
06:32 Temple of the Damned
06:36 Slaughterhouse
07:20 Ziggurat
07:22 Ziggurat
09:37 Ziggurat
12:19 Ziggurat
15:32 Slaughterhouse
15:37 Ziggurat
15:44 Necropolis
19:03 Necropolis
19:07 Graveyard
22:24 Crypt
22:25 Crypt
23:34 Halls of the Dead
24:18 Spirit Tower
26:45 Ziggurat
26:46 Ziggurat
26:47 Ziggurat
27:42 Spirit Tower
28:30 Spirit Tower
» items
ScumOftheEarth (
teal | 48 APM | 1443 actions | 29:50)
3 Blademaster
1 Wind Walk
2 Critical Strike
» actions
| Assign group hotkey | 7 | |
| Basic commands | 276 | |
| Build / train | 51 | |
| Enter build submenu | 16 | |
| Enter hero's abilities submenu | 3 | |
| Right click | 550 | |
| Select / deselect | 79 | |
| Select group hotkey | 404 | |
| Use ability | 57 | |
1443 total
» units
| Peon | 6 | |
| Troll Batrider | 16 | |
| Wind Rider | 6 | |
28 total
» upgrades
| Liquid Fire | 1 | |
| Ranged Weapons | 1 | |
| Envenomed Spears | 1 | |
3 total
» buildings
| Altar of Storms | 1 | |
| Orc Burrow | 6 | |
| Voodoo Lounge | 1 | |
| War Mill | 1 | |
| Stronghold | 1 | |
| Watch Tower | 2 | |
| Fortress | 1 | |
| Beastiary | 2 | |
| Great Hall | 1 | |
16 total
» build order
00:04 Altar of Storms
00:06 Orc Burrow
00:37 Voodoo Lounge
02:26 War Mill
03:51 Stronghold
04:53 Watch Tower
05:02 Watch Tower
06:29 Fortress
06:35 Beastiary
06:38 Beastiary
08:27 Orc Burrow
12:28 Orc Burrow
12:30 Orc Burrow
15:06 Orc Burrow
15:08 Orc Burrow
26:48 Great Hall
» items
| Healing Salve | 2 | |
| Lesser Clarity Potion | 4 | |
| Scroll of Speed | 3 | |
| Boots of Speed | 2 | |
| Potion of Mana | 1 | |
| Potion of Healing | 1 | |
| Scroll of Town Portal | 1 | |
14 total
MrAItQQ (
blue | 84 APM | 3036 actions | 36:02)
5 Blademaster
3 Wind Walk
2 Critical Strike
» actions
| Assign group hotkey | 51 | |
| Basic commands | 296 | |
| Build / train | 91 | |
| ESC pressed | 7 | |
| Enter build submenu | 34 | |
| Enter hero's abilities submenu | 5 | |
| Give item / drop item | 3 | |
| Right click | 1438 | |
| Select / deselect | 360 | |
| Select group hotkey | 655 | |
| Use ability | 96 | |
3036 total
» units
| Peon | 18 | |
| Grunt | 9 | |
| Raider | 4 | |
| Wind Rider | 10 | |
41 total
» upgrades
| Armor | 4 | |
| Ranged Weapons | 3 | |
| Pillage | 1 | |
| Berserker Strength | 1 | |
| Ensnare | 1 | |
| Reinforced Defenses | 1 | |
| Melee Weapons | 4 | |
| Troll Regeneration | 1 | |
| Envenomed Spears | 1 | |
| Backpack | 1 | |
| Spiked Barricades | 4 | |
| Berserker Upgrade | 1 | |
| Burning Oil | 1 | |
| Liquid Fire | 1 | |
25 total
» buildings
| Altar of Storms | 1 | |
| Orc Burrow | 8 | |
| Barracks | 1 | |
| Voodoo Lounge | 1 | |
| War Mill | 1 | |
| Stronghold | 1 | |
| Watch Tower | 11 | |
| Great Hall | 1 | |
| Fortress | 1 | |
| Beastiary | 3 | |
29 total
» build order
00:03 Altar of Storms
00:07 Orc Burrow
00:20 Barracks
01:45 Orc Burrow
02:07 Orc Burrow
03:14 Voodoo Lounge
04:07 Orc Burrow
04:32 War Mill
05:29 Stronghold
06:26 Watch Tower
06:27 Watch Tower
06:28 Watch Tower
06:42 Orc Burrow
07:06 Great Hall
07:30 Watch Tower
07:32 Watch Tower
09:28 Fortress
09:32 Watch Tower
09:33 Watch Tower
10:25 Beastiary
10:27 Beastiary
10:37 Beastiary
13:11 Watch Tower
13:11 Watch Tower
13:13 Watch Tower
13:49 Orc Burrow
13:51 Orc Burrow
13:54 Orc Burrow
16:57 Watch Tower
» items
| Healing Salve | 5 | |
| Scroll of Speed | 2 | |
| Lesser Clarity Potion | 2 | |
| Orb of Lightning | 1 | |
| Scroll of Town Portal | 5 | |
| Orb of Corruption | 1 | |
| Staff of Teleportation | 1 | |
17 total
Chat log
(00:11 / Allies) homelesspeon: harass purp he's bad.
(00:15 / Allies) ScumOftheEarth: k
(00:27 / Allies) homelesspeon: told us fiend frost last game was tier 1 forever
(00:38 / Allies) homelesspeon: units?
(00:39 / Allies) ScumOftheEarth: lol
(00:43 / Allies) ScumOftheEarth: bm for haras
(00:48 / Allies) ScumOftheEarth: and then air
(00:49 / Allies) DeadbeaT: i think i was in that game
(00:52 / Allies) DeadbeaT: was it like 2 mins ago
(00:54 / Allies) homelesspeon: yes you were green
(00:55 / Allies) homelesspeon: i was pink.
(02:01 / Allies) homelesspeon: units blue pink?
(02:09 / Allies) DeadbeaT: necros
(02:15 / Allies) DeadbeaT: gk dl
(02:17 / Allies) DeadbeaT: dk dl*
(02:33 / Allies) ScumOftheEarth: omw blue
(02:38 / Allies) ScumOftheEarth: get the tomb
(02:44 / Allies) DeadbeaT: lol
(02:51 / Allies) ScumOftheEarth: get the tomb with me
(02:52 / Allies) ScumOftheEarth: now
(03:03 / Allies) ScumOftheEarth: the toomb i said noob
(03:06 / Allies) MrAItQQ: stfu
(03:07 / Allies) MrAItQQ: or i stab
(03:13 / Allies) ScumOftheEarth: youll what?
(03:18 / Allies) MrAItQQ: backstab dumbass
(03:21 / Allies) MrAItQQ: shut the fuck up
(03:23 / Allies) MrAItQQ: or i backstab
(03:23 / Allies) ScumOftheEarth: why?
(03:27 / Allies) ScumOftheEarth: why?
(03:28 / Allies) MrAItQQ: don't call me a noob you are trash
(03:31 / Allies) homelesspeon: just play
(03:35 / Allies) MrAItQQ: you are 21-19 that is awful
(03:36 / Allies) ScumOftheEarth: cause i told u to do something that was smart?
(03:42 / Allies) MrAItQQ: killing acos pays off more
(03:43 / Allies) homelesspeon: don't argue... just win
(03:52 / Allies) MrAItQQ: I don't play to win or lose, you tryhard faggot
(04:02 / Allies) ScumOftheEarth: why are u telling me this?
(04:08 / Allies) homelesspeon: pink let's harass.
(05:33 / Allies) homelesspeon: tomb
(05:33 / Allies) ScumOftheEarth: other zig
(05:37 / Allies) homelesspeon: k
(05:42 / Allies) ScumOftheEarth: then tomb
(06:15 / Allies) DeadbeaT: b
(09:35 / Allies) homelesspeon: send wagon
(09:44 / Allies) homelesspeon: coil me quick
(10:15 / Allies) homelesspeon: ty
(11:21 / Allies) homelesspeon: see he's still tier 1...
(11:29 / Allies) DeadbeaT: lool
(11:48 / All) homelesspeon: gg thugmaster
(11:57 / All) ThugMaSteR: sure nub
(12:00 / All) ThugMaSteR: 1v1
(12:02 / All) homelesspeon: what's your excuse this time
(12:08 / All) ThugMaSteR: ill rape u solo
(12:09 / All) DeadbeaT: u sit on tier one we both played on ur team last game
(12:10 / All) DeadbeaT: lol
(12:10 / All) ThugMaSteR: so stfu
(12:12 / All) ScumOftheEarth: YOURE SO NEW THUGMASTER
(12:12 / All) homelesspeon: this isn't a solo game
(12:16 / All) ThugMaSteR: teams mean shit
(12:21 / All) homelesspeon: don't pay em then
(12:23 / All) homelesspeon: get out of my league
(12:38 / All) ThugMaSteR: ur only as good as ur alliies asshole
(12:42 / All) ThugMaSteR: learn the game
(12:42 / All) DeadbeaT: LOL
(12:54 / All) homelesspeon: alright bro, come beat me with your solo army
(12:56 / All) ScumOftheEarth: YOURE SO NEW
(12:57 / All) homelesspeon: i wanna see your 2 fiends again
(13:18 / All) homelesspeon: leave before you get embarassed
(13:25 / All) ScumOftheEarth: READ WAS A STEAMY SHIT AS WELL
(13:32 / All) ScumOftheEarth: *RED
(13:40 / All) ThugMaSteR: shit team
(13:43 / All) ThugMaSteR: obvi
(13:48 / All) ThugMaSteR: oj is crap also
(13:51 / All) ScumOftheEarth: your a pile of slop purple
(13:53 / All) ThugMaSteR: afraid to solo
(13:55 / All) ThugMaSteR: boo hoo
(13:59 / All) ThugMaSteR: thug will beat me
(14:02 / All) ThugMaSteR: fuckn puss
(14:07 / All) homelesspeon: YOU DON'T BRAG ABOUT FOOTBALL IN A BASEBALL GAME
(14:08 / All) ThugMaSteR: stfu then
(14:12 / All) ThugMaSteR: nub shit
(14:19 / Allies) homelesspeon: hahahaha
(14:22 / All) ScumOftheEarth: lol
(14:27 / Allies) homelesspeon: proved it was him last game deadbeat
(14:39 / Allies) homelesspeon: nice necs btw.
(14:51 / Allies) DeadbeaT: ty
(15:51 / All) homelesspeon: k blue
(16:46 / Allies) DeadbeaT: wtf blue
(17:05 / Allies) DeadbeaT: joke.
(17:14 / Allies) MrAItQQ: teal shouldn't have talked back
(17:26 / Allies) DeadbeaT: lol so what does this do with me
(18:24 / All) MrAItQQ: so I can unsummon
(18:56 / All) homelesspeon: don't touch me.
(20:47 / Allies) DeadbeaT: ur a joke blue
(21:46 / Allies) DeadbeaT: they massing towers
(21:50 / Allies) DeadbeaT: dont do it orange
(22:01 / Allies) homelesspeon: i have freeze
(22:06 / Allies) homelesspeon: you have wagons.
(22:08 / Allies) DeadbeaT: and we got blue killing my guys.
(22:16 / Allies) homelesspeon: blue stop...
(22:17 / Allies) homelesspeon: so we can just win
(22:29 / Allies) DeadbeaT: hes ass hurt from what teal said
(22:41 / Allies) homelesspeon: i hate people that cry cuz ther teammates hurt their feelings.
(22:46 / Allies) DeadbeaT: no shit
(23:12 / Allies) DeadbeaT: hesa lil sensitve cause his mom ass raped him when he was younger
(23:39 / Allies) homelesspeon: they really need a kick feature
(23:47 / Allies) MrAItQQ: yeah it would let me stab faster
(23:48 / Allies) DeadbeaT: or unallie like sc
(23:49 / Allies) MrAItQQ: in my 3 mans
(24:29 / All) rod-is-my-bro: leave fags blue raped ur ass
(24:45 / All) MrAItQQ: I didn't even play well this game and you idiots still lost
(25:09 / All) rod-is-my-bro: leave homo's
(25:13 / All) ScumOftheEarth: who killed me I was afk
(25:19 / All) rod-is-my-bro: sure u were
(25:22 / All) DeadbeaT: funny how u talk shit but u lost yellow ur just lucky blue tked
(25:50 / All) ScumOftheEarth: gold please?
(25:53 / Allies) MrAItQQ: no.
(25:58 / All) MrAItQQ: get out pink, lagfag
(26:05 / All) ScumOftheEarth: old please?
(26:06 / Allies) MrAItQQ: lol
(26:08 / Allies) MrAItQQ: nice try
(26:08 / All) ScumOftheEarth: gold
(26:28 / All) homelesspeon: you sir, are worthless.
(26:37 / All) ScumOftheEarth: gold oj
(26:47 / All) homelesspeon: no point, blue thinks he's real cool
(26:50 / All) ScumOftheEarth: ty
(27:17 / All) MrAItQQ: I can follow your dk all day orange
(27:21 / All) MrAItQQ: You won't save it
(27:25 / All) homelesspeon: cool, bet you feel accomplished
(28:25 / All) MrAItQQ: Nice try but no cigar
(28:44 / Allies) homelesspeon: you're so cool
(28:47 / All) MrAItQQ: Thanks
(28:58 / All) MrAItQQ: I know
(29:12 / Allies) homelesspeon: i don't really care cuz beat thugmaster
(29:15 / Allies) MrAItQQ: You can't rebuild teal
(29:16 / Allies) MrAItQQ: idiot
(29:32 / All) ScumOftheEarth: oh tk
(29:34 / All) ScumOftheEarth: i see
(29:40 / All) MrAItQQ: You haven't noticed? lol
(29:46 / All) ScumOftheEarth: i was afk man
(29:47 / All) ScumOftheEarth: gg
(30:34 / All) MrAItQQ: A valiant efffort, pink
(31:11 / All) rod-is-my-bro: orange are you embarassed to lose vs blue
(31:16 / All) homelesspeon: no
(31:20 / All) MrAItQQ: You should be.
(31:22 / All) homelesspeon: the only thing i cared about this game was beating purple
(31:25 / All) homelesspeon: which i did.
(31:32 / All) rod-is-my-bro: so why are u in the game
(31:34 / All) MrAItQQ: I am posting this replay on highper.ch, where everyone can laugh at you
(31:38 / All) MrAItQQ: Your family name is humiliated
(31:45 / All) homelesspeon: yeah cuz i'm sure a lot of people will watch warcraft vids
(32:02 / All) MrAItQQ: People do watch them, to laugh at you and people like you
(33:24 / All) rod-is-my-bro: concede victory to blue, orange
(33:38 / All) homelesspeon: you guys have a relationship or something?
(33:41 / Allies) MrAItQQ: gj
(33:48 / All) rod-is-my-bro: im his sister
(35:12 / All) MrAItQQ: About to be the last building
(35:17 / All) MrAItQQ: Any last words, pink?
(35:21 / All) homelesspeon: gooch
(35:22 / All) rod-is-my-bro: but orange doesn't care for the win
(35:26 / All) rod-is-my-bro: !
(35:36 / All) MrAItQQ: Orange, anything you would like to share before defeat?'
(35:43 / All) homelesspeon: gooch
(35:50 / All) MrAItQQ: An intelligent anecdote.
(35:56 / All) MrAItQQ: Goodbye, orange.